 Dungeon Crawl Stone Soup version 0.30-a0-1043-g60ff8d5f49 (webtiles) character file.

Game seed: 7161161586393091326

58501 cheesebisquit the Severer (level 14, -8/129 HPs)
             Began as a Hill Orc Fighter on Apr 10, 2023.
             Was the Champion of Beogh.
             Mangled by an orc warlord
             ... wielding a +2 battleaxe of flaming
              (34 damage)
             ... on level 2 of the Orcish Mines.
             The game lasted 01:09:53 (24129 turns).

cheesebisquit the Severer (Hill Orc Fighter)       Turns: 24129, Time: 01:09:54

Health: -8/129     AC: 27    Str: 30    XL:     14   Next: 90%
Magic:  0/24       EV:  7    Int:  8    God:    Beogh [******]
Gold:   2447       SH: 12    Dex: 10    Spells: 13/13 levels left

rFire   . . .      SeeInvis +    P - +3 broad axe (drain)
rCold   + . .      Faith    .    W - +1 kite shield of Beogh's Fury {rN+ SInv}
rNeg    + . .      Spirit   +    O - +3 plate armour {rC+}
rPois   .          Reflect  .    G - +1 helmet
rElec   .          Rampage  .    T - +0 cloak
rCorr   .                        J - +1 pair of gloves
Will    ++...                    w - +1 pair of boots Stlth
                                 t - amulet of guardian spirit
HPRegen 0.41/turn                K - ring of willpower
MPRegen 0.19/turn                S - +6 ring of strength

@: mighty, hasted, very quick
A: walk on water
a: Renounce Religion, Smiting, Recall Orcish Followers, Give Item to Named
Follower, Resurrection


You were on level 2 of the Orcish Mines.
You worshipped Beogh.
Beogh was exalted by your worship.
You visited 4 branches of the dungeon, and saw 20 of its levels.
You also visited: Sewer and Volcano.

You collected 2447 gold pieces.

Inventory:

Hand Weapons
 a - a +0 war axe
 k - the +5 hand axe of Pride {heavy, rF+ Dex+4}
   (You found it on level 2 of the Dungeon)

   Dex:       It affects your dexterity (+4).
   rF:        It protects you from fire.
 z - a +0 morningstar
 L - a +0 battleaxe
 P - a +3 broad axe of draining (weapon)
Missiles
 g - 34 poisoned darts (quivered)
 o - 2 atropa-tipped darts
 v - 7 boomerangs
 I - 5 curare-tipped darts
 Q - 4 throwing nets
Armour
 w - a +1 pair of boots (worn)
 G - a +1 helmet (worn)
 J - a +1 pair of gloves (worn)
 N - a +0 hat of willpower
 O - a +3 plate armour of cold resistance (worn)
 T - a +0 cloak (worn)
 W - the +1 kite shield of Beogh's Fury (worn) {rN+ SInv}
   (You acquired it on level 4 of the Lair of Beasts)

   rN:        It protects you from negative energy.
   SInv:      It lets you see invisible.
Jewellery
 b - a ring of wizardry
 c - a ring of wizardry
 h - a +4 ring of protection
 r - a +5 ring of evasion
 t - an amulet of guardian spirit (around neck)
 K - a ring of willpower (left hand)
 M - a ring of poison resistance
 R - a ring of ice
 S - a +6 ring of strength (right hand)
Wands
 d - a wand of digging (6)
 e - a wand of roots (9)
 i - a wand of acid (21)
 j - a wand of mindburst (6)
 B - a wand of flame (17)
 E - a wand of paralysis (23)
Scrolls
 f - 9 scrolls of teleportation
 m - a scroll of silence
 u - 3 scrolls of poison
 x - 7 scrolls of brand weapon
 C - 2 scrolls of vulnerability
 H - 3 scrolls of fog
 X - a scroll of amnesia
Potions
 l - 4 potions of mutation
 n - 6 potions of curing
 p - 3 potions of ambrosia
 q - 2 potions of berserk rage
 s - 2 potions of attraction
 A - 6 potions of brilliance
 F - 3 potions of lignification
 U - 2 potions of haste


   Skills:
 + Level 13.2 Fighting
 * Level 19.3 Axes
 + Level 12.1 Armour
 + Level 12.3 Shields
 + Level 13.5 Invocations


You had 13 spell levels left.
You didn't know any spells.
Your spell library contained the following spells:

 Spells                   Type           Power      Damage    Failure   Level
 Freeze                   Ice            0%         1d3       99%         1
 Magic Dart               Conj           0%         1d3       99%         1
 Searing Ray              Conj           0%         2d4       100%        2
 Call Canine Familiar     Summ           0%         N/A       100%        3
 Frozen Ramparts          Ice            0%         1d1       100%        3
 Hailstorm                Conj/Ice       0%         3d3       100%        3
 Ozocubu's Armour         Ice            0%         N/A       100%        3
 Portal Projectile        Hex/Tloc       0%         N/A       100%        3
 Vhi's Electric Charge    Tloc/Air       0%         N/A       100%        3
 Anguish                  Hex/Necr       0%         N/A       100%        4
 Animate Dead             Necr           0%         N/A       100%        4
 Fulminant Prism          Conj/Hex       0%         3d5       100%        4
 Ice Form                 Ice/Tmut       0%         N/A       100%        4
 Leda's Liquefaction      Hex/Erth       0%         N/A       100%        4
 Arcjolt                  Conj/Air       0%         1d10      100%        5
 Borgnjor's Vile Clutch   Necr/Erth      0%         N/A       100%        5
 Death Channel            Necr           0%         N/A       100%        6
 Infestation              Necr           0%         N/A       100%        8
 Maxwell's Capacitive Co  Air            0%         ∞         100%        8


Dungeon Overview and Level Annotations

Branches:
Dungeon (12/15)            Temple (1/1) D:4            Lair (5/5) D:11
  Swamp (0/4) Lair:3        Snake (0/4) Lair:3        Slime (0/5) Lair:5
    Orc (2/2) D:10            Elf (0/3) Orc:2         Sewer (visited)
Volcano (visited)

Altars:
Ashenzari
Cheibriados
Dithmenos
Elyvilon
Fedhas
Gozag
Hepliaklqana
Kikubaaqudgha
Makhleb
Nemelex Xobeh
Okawaru
Qazlal
Ru
Sif Muna
Trog
Uskayaw
Vehumet
Wu Jian
Yredelemnul
Zin
The Shining One
Jiyva
Lugonu

Shops:
D:5 *   Orc:1 (

Annotations:
Lair:3 1 runed translucent door, TheSexyCheese's ghost, journeyman OgFE


Message History

The boomerang barely misses the orc warrior.
The boomerang barely misses the orc high priest.
Bogdan closely misses the orc knight.
Your orc barely misses the orc priest.
The orc warrior barely misses Bogdan.
You block the orc warrior's attack.
Your orc knight misses the orc priest.
Your orc knight barely misses the orc high priest.
Your orc knight hits the orc warrior with a +1 battleaxe!
The orc warlord roars a battlecry!
The orcs go into a battle-frenzy!
Your orc knight hits the orc warrior with a +1 battleaxe!!!
The orc warrior dies!
Beogh accepts your kill.
The orc high priest invokes the aid of Beogh against you.
Beogh smites you!
* * * LOW HITPOINT WARNING * * *
The orc knight hits Bogdan with a +1 great mace!!
An orc priest comes into view. It is wielding a +0 club.
The orc priest casts a cantrip, but nothing happens.
Your orc hits something with a +0 club.
Learuk roars a battlecry!
Your orcs go into a battle-frenzy!
Your orc warrior hits the orc warlord with a +0 dire flail.
You hit the orc warlord.
The orc warlord is moderately wounded.
The orc priest hits your orc knight but does no damage.
The orc priest hits your orc with a +0 hand axe!
Your orc dies!
The orc priest hits your orc warrior but does no damage.
Something completely misses your orc.
The orc warrior hits Bogdan with a +0 mace!!
Bogdan dies!
Your orc warrior hits the orc priest with a +0 battleaxe!!
The orc priest dies!
Beogh accepts your kill.
Beogh appreciates your killing of a heretic priest.
Your orc warrior hits the orc warlord with a +0 flail.
The orc high priest barely misses you.
The orc warlord hits you with a +2 battleaxe of flaming!!!
You die...
Beogh appreciates the orc warlord's killing of a heretic priest.

.....o........
.......o.....
.......o....
#))..o)...# #.....)...#
# #.)))§o)..# ##
#..o)o))..# ..
#...)o@o..# #
####..ooo##########
......o.oooo.......
#......oooo........
#.......o..........
##.......)......#..
#..............##.#
#.........).....#.###
##........).........###


You could see an orc warlord (strong, drained, ally target), an orc knight
(strong, ally target), an orc high priest (strong, ally target), an orc warrior
(strong), an orc priest (strong), the friendly Learuk the orc warlord (strong),
2 friendly orc knights, the friendly Brandogh the orc knight (strong), 5
friendly orc warriors, a friendly orc priest (strong), a friendly orc wizard
(strong, invisible) and 5 friendly orcs.

Vanquished Creatures
  Gastronok (D:11)
  Snorg (D:11)
  Josephine (D:11)
  A merfolk avatar (Lair:5)
  Harold (D:11)
  An ogre mage (Orc:1)
  Erica (D:8)
  2 catoblepae (Lair:5)
  A boulder beetle (Lair:4)
  3 death yaks (Lair:1)
  4 two-headed ogres
  An orc high priest (Orc:2)
  3 skysharks
  2 skeletal warriors (Volcano)
  A bog body (Lair:3)
  Pikel (D:7)
  A lindwurm (Orc:1)
  2 anaconda skeletons (Volcano)
  A manticore (D:11)
  An oklob plant (D:11)
  2 cyclopes
  4 elephants
  4 black mambas
  8 cane toads
  An unseen horror (D:11)
  Joseph (D:8)
  4 gargoyles (Volcano)
  A torpor snail (Lair:5)
  2 rime drakes (Lair:5)
  4 komodo dragons
  A polar bear (Lair:3)
  2 trolls
  A hornet (D:8)
  Prince Ribbit (D:7)
  10 blink frogs
  4 dream sheep (Lair:5)
  3 flying skulls (Volcano)
  7 wraiths
  2 vampires
  2 alligator skeletons (Volcano)
  A shadow (D:10)
  35 yaks
  4 wyverns
  A steam dragon (D:10)
  6 vampire mosquitoes (D:11)
  A basilisk (Lair:5)
  A swamp worm (Lair:3)
  Menkaure (D:7)
  2 wargs
  10 water moccasins
  4 orc warriors (D:10)
  2 sky beasts
  2 ice beasts
  13 ogres
  A centaur (D:7)
  6 wolves (Lair:4)
  2 lemures (D:7)
  3 kobold brigands
  5 phantoms
  7 bullfrogs
  2 gnoll sergeants
  6 wights
  A scorpion (D:7)
  3 howler monkeys (D:10)
  2 troll skeletons (Volcano)
  3 spriggan skeletons (Volcano)
  A hound (D:4)
  3 jellies
  A gnoll bouda (D:8)
  3 orc priests
  5 sleepcaps
  An iguana (D:6)
  14 orc wizards
  6 hell rats (Lair:3)
  A statue (D:7)
  2 naga skeletons (Volcano)
  18 gnolls
  11 adders
  2 shadow imps (D:7)
  2 white imps
  A dart slug (D:1)
  23 orcs
  8 ball pythons
  8 bats
  4 endoplasms
  6 giant cockroaches
  13 goblins
  4 hobgoblins
  9 jackals
  11 kobolds
  A quokka (D:1)
  7 frilled lizards
  10 rats
393 creatures vanquished.

Vanquished Creatures (collateral kills)
  Fannar (D:12)
  An orc high priest (Orc:2)
  Lodul (D:11)
  A sea snake (Lair:5)
  A bog body (Lair:3)
  A deep elf pyromancer (D:12)
  2 oklob plants
  An orc knight (D:11)
  An orc sorcerer (Orc:2)
  A manticore (D:12)
  3 black mambas
  8 elephants
  2 cyclopes
  4 cane toads
  3 komodo dragons
  4 rime drakes
  4 trolls
  4 polar bears
  8 blink frogs
  A wind drake (Lair:5)
  2 snapping turtles (Lair:5)
  8 dream sheep (Lair:5)
  6 slime creatures
  A wraith (D:12)
  19 yaks
  3 wyverns
  A vampire mosquito (D:11)
  2 basilisks
  2 nagas (Lair:3)
  A warg (Orc:2)
  7 water moccasins
  6 orc warriors
  9 wolves
  8 ogres
  A centaur (D:12)
  3 bullfrogs
  An electric eel (Lair:3)
  4 orc priests (Orc:2)
  A jelly (Lair:5)
  An orc wizard (Orc:2)
  A hell rat (Lair:3)
  6 orcs
  3 kobolds
148 creatures vanquished.

Vanquished Creatures (others)
  3 orc sorcerers (Orc:2)
  6 orc wizards
  11 orc warriors
  11 orc priests
  31 orcs
  21 fungi
  51 plants
134 creatures vanquished.

Grand Total: 675 creatures vanquished

Notes
Turn   | Place    | Note
-------+----------+-------------------------------------------
     0 | D:1      | cheesebisquit the Hill Orc Fighter began the quest for the
                  | Orb.
     0 | D:1      | Reached XP level 1. HP: 19/19 MP: 1/1
    87 | D:1      | Reached skill level 3 in Axes
   146 | D:1      | Reached XP level 2. HP: 27/27 MP: 2/2
   216 | D:1      | Found a faded altar of an unknown god.
   301 | D:1      | Reached XP level 3. HP: 33/33 MP: 3/3
   729 | D:2      | Reached skill level 4 in Axes
   729 | D:2      | Reached XP level 4. HP: 35/40 MP: 4/4
   769 | D:2      | Identified the +5 hand axe of Pride {heavy, rF+ Dex+4}
   951 | D:2      | Found a sacrificial altar of Ru.
  1008 | D:2      | Reached XP level 5. HP: 21/47 MP: 5/5
  1401 | D:3      | Became a worshipper of Beogh the Brigand
  1401 | D:3      | Noticed an ogre
  1407 | D:3      | Killed an ogre
  1408 | D:3      | Reached skill level 5 in Axes
  1408 | D:3      | Reached skill level 1 in Invocations
  1447 | D:3      | Noticed a phantom
  1454 | D:3      | Killed a phantom
  1455 | D:3      | Reached XP level 6. HP: 54/55 MP: 5/7
  1617 | D:3      | Found a glowing drain.
  1626 | Sewer    | Entered a sewer
  1647 | Sewer    | Noticed a water moccasin
  1653 | Sewer    | Killed a water moccasin
  1654 | Sewer    | Reached skill level 5 in Fighting
  2037 | D:4      | Found a basalt altar of Yredelemnul.
  2141 | D:4      | Reached skill level 6 in Axes
  2200 | D:4      | Found a burning altar of Makhleb.
  2200 | D:4      | Noticed a blizzard demon
  2223 | D:4      | Reached XP level 7. HP: 57/61 MP: 8/8
  2234 | D:4      | Found a blossoming altar of Fedhas.
  2257 | D:4      | Found a staircase to the Ecumenical Temple.
  2271 | Temple   | Entered the Ecumenical Temple
  2893 | D:5      | Entered Level 5 of the Dungeon
  3127 | D:5      | Reached * piety under Beogh
  3475 | D:5      | Reached skill level 7 in Axes
  3475 | D:5      | Reached skill level 5 in Armour
  3475 | D:5      | Reached skill level 5 in Shields
  3625 | D:5      | Found an opulent altar of Gozag.
  3629 | D:5      | Found Gozag's Platinum Reserve.
  3817 | D:5      | Found a glowing golden altar of the Shining One.
  3822 | D:5      | Reached XP level 8. HP: 60/70 MP: 8/10
  4297 | D:6      | Reached skill level 8 in Axes
  4718 | D:6      | Got Cowaucwu's Cyclopedia of Loathsome Rime
  4888 | D:6      | Identified the +9 short sword "Qosojuw" {elec, *Corrode Fly
                  | Str+2 Dex+5}
  5078 | D:7      | Reached skill level 5 in Invocations
  5086 | D:7      | Reached skill level 9 in Axes
  5086 | D:7      | Reached XP level 9. HP: 33/78 MP: 5/12
  5086 | D:7      | Noticed a komodo dragon
  5274 | D:6      | Killed a komodo dragon
  5570 | D:7      | Noticed a two-headed ogre
  5596 | D:6      | Killed a two-headed ogre
  5597 | D:6      | Reached skill level 10 in Axes
  5600 | D:6      | Reached ** piety under Beogh
  6200 | D:7      | Noticed Prince Ribbit
  6213 | D:7      | Killed Prince Ribbit
  6214 | D:7      | Reached skill level 11 in Axes
  6214 | D:7      | Reached XP level 10. HP: 55/88 MP: 9/15
  6395 | D:7      | Noticed Pikel
  6409 | D:7      | Killed Pikel
  6422 | D:7      | Found a radiant altar of Vehumet.
  6582 | D:7      | Noticed Menkaure
  6588 | D:7      | Killed Menkaure
  6906 | D:7      | Found an iron altar of Okawaru.
  6908 | D:7      | Found a white marble altar of Elyvilon.
  7095 | D:8      | Paralysed by a hornet for 2 turns
  7327 | D:8      | Noticed Joseph
  7342 | D:8      | Killed Joseph
  7691 | D:8      | Found a shadowy altar of Dithmenos.
  8057 | D:8      | Reached skill level 12 in Axes
  8061 | D:8      | Noticed Erica
  8119 | D:8      | Reached *** piety under Beogh
  8169 | D:8      | Killed Erica
  8245 | D:8      | Found an ancient bone altar of Kikubaaqudgha.
  8750 | D:9      | Found a sparkling altar of Nemelex Xobeh.
  8816 | D:9      | Noticed a +0 short sword
  8817 | D:9      | Noticed a +0 dagger
  8817 | D:9      | Noticed a +0 short sword
  8818 | D:9      | Noticed a +0 falchion
  8818 | D:9      | Noticed a +0 falchion
  8927 | D:9      | Found a hide-covered altar of Uskayaw.
  8927 | D:9      | Noticed a +0 dagger
  8929 | D:9      | Noticed a +0 spear
  8929 | D:9      | Noticed a +0 spear
  9122 | D:9      | Found an ornate altar of the Wu Jian Council.
  9188 | D:9      | Noticed a two-headed ogre
  9195 | D:9      | Killed a two-headed ogre
  9634 | D:9      | Reached XP level 11. HP: 94/95 MP: 17/17
 10031 | D:10     | Entered Level 10 of the Dungeon
 10277 | D:10     | Found a hazy altar of Hepliaklqana.
 10323 | D:10     | Reached skill level 13 in Axes
 10846 | D:10     | Found a staircase to the Orcish Mines.
 11094 | D:11     | Noticed Snorg
 11181 | D:11     | Noticed a cyclops
 11199 | D:11     | Killed a cyclops
 11201 | D:11     | Reached **** piety under Beogh
 11220 | D:11     | Noticed an oklob plant
 11222 | D:11     | Found a staircase to the Lair.
 11230 | D:11     | Noticed an oklob plant
 11241 | D:11     | Killed an oklob plant
 11251 | D:11     | Killed an oklob plant
 11284 | D:11     | Killed Snorg
 11457 | D:11     | Noticed Josephine
 11467 | D:11     | Killed Josephine
 11468 | D:11     | Reached skill level 14 in Axes
 11710 | D:11     | Noticed Gastronok
 11713 | D:11     | Noticed a lindwurm
 11716 | D:11     | Noticed a lindwurm
 11723 | D:11     | Noticed a lindwurm
 11724 | D:11     | Noticed a lindwurm
 11726 | D:11     | Killed Gastronok
 11727 | D:11     | Reached skill level 10 in Fighting
 11736 | D:11     | Noticed a two-headed ogre
 11747 | D:11     | Reached XP level 12. HP: 56/106 MP: 12/19
 11933 | D:11     | Killed a two-headed ogre
 12066 | D:11     | Reached skill level 10 in Invocations
 12163 | D:11     | Noticed Lodul
 12175 | D:11     | Reached skill level 15 in Axes
 12176 | D:11     | Killed Lodul
 12203 | D:11     | Noticed Harold
 12211 | D:11     | Killed Harold
 12554 | D:12     | Noticed Fannar
 12573 | D:12     | Killed Fannar
 12577 | D:12     | Gained Learuk as an ally
 12977 | D:12     | Reached ***** piety under Beogh
 13603 | Lair:1   | Entered Level 1 of the Lair of Beasts
 13650 | Lair:1   | Reached skill level 10 in Shields
 13737 | Lair:1   | Noticed a death yak
 13737 | Lair:1   | Noticed a death yak
 13737 | Lair:1   | Noticed a death yak
 13761 | Lair:1   | Killed a death yak
 13762 | Lair:1   | Killed a death yak
 13763 | Lair:1   | Reached skill level 16 in Axes
 13763 | Lair:1   | Reached skill level 10 in Armour
 13770 | Lair:1   | Killed a death yak
 14076 | Lair:1   | Reached XP level 13. HP: 89/116 MP: 17/21
 16059 | Lair:3   | Noticed TheSexyCheese's ghost (journeyman OgFE)
 16059 | Lair:3   | Found a runed translucent door.
 16446 | Lair:3   | Found a staircase to the Swamp.
 16509 | Lair:3   | Gained Brandogh as an ally
 16752 | Lair:3   | Reached skill level 17 in Axes
 17322 | Lair:3   | Found a staircase to the Snake Pit.
 19212 | Lair:4   | Identified a scroll of acquirement
 19213 | Lair:4   | Acquired the +1 kite shield of Beogh's Fury {rN+ SInv}
 19633 | Lair:5   | Entered Level 5 of the Lair of Beasts
 19933 | Lair:5   | Reached XP level 14. HP: 95/126 MP: 18/23
 19934 | Lair:5   | Reached skill level 18 in Axes
 19936 | Lair:5   | Found a viscous altar of Jiyva.
 19936 | Lair:5   | Found a staircase to the Slime Pits.
 20246 | Lair:5   | Reached ****** piety under Beogh
 21905 | Orc:1    | Entered Level 1 of the Orcish Mines
 21979 | Orc:1    | Found a dark tunnel.
 21988 | Volcano  | Entered a volcano
 22297 | Volcano  | Reached skill level 19 in Axes
 23168 | Orc:2    | Entered Level 2 of the Orcish Mines
 23344 | Orc:1    | Gained Grimold as an ally
 23618 | Orc:1    | Found Xenorino's Weapon Shop.
 24050 | Orc:2    | Found a staircase to the Elven Halls.
 24115 | Orc:2    | Noticed an orc warlord
 24121 | Orc:2    | Your ally Grimold died
 24127 | Orc:2    | Gained Bogdan as an ally
 24129 | Orc:2    | Your ally Bogdan died
 24129 | Orc:2    | Mangled by an orc warlord

Illustrated notes

Levels and vault maps discovered:
D:1:      psy_arrival_basics, layout_basic, hellmonk_ecumenical_altar_blasted
D:2:      layout_loops_ring, basic_altar
D:3:      layout_basic, portal_sewer_entry_b
D:4:      layout_basic, yredelemnul_altar_generic, old_standard_altar,
          makhleb_altar_promises_db, minmay_temple_entry_glassed_door,
          hangedman_feature_mirror
D:5:      layout_basic, nicolae_gozag_zags_fifth_avenue,
          nicolae_tso_swordbearing_angel
D:6:      layout_basic, minmay_a_box_with_orc_wizards_in_it
D:7:      layout_loops_ring, vehumet_statue, nicolae_overflow_hidden_temple,
          hangedman_minor_gate_pass, uniq_pikel, uniq_prince_ribbit1,
          uniq_menkaure
D:8:      layout_layer_cave, nicolae_kikubaaqudgha_miasma_corner,
          overflow_temple_1_default, uniq_erica, uniq_joseph
D:9:      layout_gridville, nicolae_uskayaw_en_pointe,
          pdpol_wu_jian_five_deadly_venoms, nemelex_spade_bored_becter
D:10:     layout_roguey, nicolae_hepliaklqana_hazy_memory, david_orc_4
D:11:     layout_rooms, dpeg_oklobed_lair, special_room [special_room_orc],
          minmay_lindwurm_lava, uniq_lodul, uniq_harold, uniq_josephine,
          uniq_gastronok, uniq_snorg
D:12:     layout_cave_pools, st_stairs_14, uniq_fannar
Temple:   corrupted_temple
Lair:1:   layout_loops_ring, nicolae_quartered_pool_impasse
Lair:2:   layout_hall_layers
Lair:3:   layout_cave_pods, nicolae_swamp_entry_splash_gauntlet,
          guppyfry_snake_entry_garden, hellmonk_ghost_happy_afterlife
Lair:4:   layout_hall_layers, grunt_megastairs_5, lemuel_fruit_tree,
          infiniplex_staircase_pool_2
Lair:5:   gammafunk_lair_ancient_temple, layout_gridlike,
          minmay_slime_entry_pillars, serial_bayou_shore_b
Orc:1:    layout_caves, serial_shops, nicolae_shop_bloodbath_and_beyond,
          nicolae_volcano_entry_vermiform, mines4_lemuel
Orc:2:    st_orc_congregation, layout_diamond_mine

Skill      XL: |  1  2  3  4  5  6  7  8  9 10 11 12 13 14 |
---------------+-------------------------------------------+-----
Axes           | 3 4 5 6 7 9 11 12 14 16 17 19 | 19.3
Fighting       | 4 5 6 7 8 10 11 12 13 | 13.2
Armour         | 4 5 7 8 9 10 11 12 | 12.1
Shields        | 4 5 6 7 8 9 10 11 12 | 12.3
Invocations    | 1 2 3 5 6 8 9 11 12 13 | 13.5

Action                     |  1- 3 |  4- 6 |  7- 9 | 10-12 | 13-15 || total
---------------------------+-------+-------+-------+-------+-------++-------
  Melee: War axe           |    88 |     5 |       |       |       ||    93
         Hand axe          |       |    76 |   195 |   328 |       ||   599
         Broad axe         |       |       |       |   145 |   470 ||   615
  Throw: Dart              |       |     3 |    32 |    44 |    21 ||   100
         Throwing net      |       |       |       |     1 |       ||     1
 Invoke: Convert to Beogh  |       |     1 |       |       |       ||     1
         Recall Orcish Fol |       |       |       |     5 |     9 ||    14
         Give Item to Name |       |       |       |       |     2 ||     2
    Use: Scroll            |       |     5 |     3 |     9 |    14 ||    31
         Potion            |       |       |     5 |    10 |     6 ||    21
   Stab: Confused          |       |       |       |     1 |       ||     1
         Distracted        |       |       |       |       |     2 ||     2
 Armour: Scale mail        |    53 |    29 |       |       |       ||    82
         Chain mail        |       |     2 |   103 |    66 |       ||   171
         Plate armour      |       |       |       |   196 |   225 ||   421
  Dodge: Dodged            |    49 |    42 |    64 |   127 |   115 ||   397
  Block: Buckler           |    20 |    21 |    49 |   110 |    50 ||   250
         Kite shield       |       |       |       |       |   151 ||   151

Table legend: (Time is in decaauts)
 A = Elapsed time spent in this place.
 B = Non-inter-level travel time spent in this place.
 C = Inter-level travel time spent in this place.
 D = Time resting spent in this place.
 E = Time spent auto-exploring this place.
 F = Levels seen in this place.
 G = Mean time per level.
                   A        B        C        D        E       F      G
               +--------+--------+--------+--------+--------+-----+--------+
         Total |  24169 |  22113 |   2056 |   3530 |  15091 |  22 | 1098.6 |
       Dungeon |  13864 |  12656 |   1208 |    950 |   9388 |  12 | 1155.3 |
        Temple |     48 |     36 |     12 |      0 |     29 |   1 |   48.0 |
          Lair |   7903 |   7124 |    779 |   2030 |   4286 |   5 | 1580.6 |
  Orcish Mines |   1446 |   1390 |     56 |    550 |    652 |   2 |  723.0 |
         Sewer |    158 |    158 |      0 |      0 |    113 |   1 |  158.0 |
       Volcano |    747 |    747 |      0 |      0 |    623 |   1 |  747.0 |
               +--------+--------+--------+--------+--------+-----+--------+

Top non-repeatable levels by time:
  Lair:3: 2351 daAuts
     D:8: 1683 daAuts
    D:11: 1677 daAuts
  Lair:1: 1669 daAuts
  Lair:5: 1556 daAuts
     D:7: 1533 daAuts
     D:6: 1477 daAuts
     D:9: 1246 daAuts
     D:5: 1232 daAuts
    D:10: 1225 daAuts
  Lair:4: 1183 daAuts
  Lair:2: 1143 daAuts
   Orc:1: 945 daAuts
    D:12: 917 daAuts
     D:4: 866 daAuts
